 Dungeon Crawl Stone Soup version 0.30-a0-585-g93115170b9 (webtiles) character file.

Game seed: 5288147786925561291

109 cforsyth the Ruffian (level 4, 0/41 HPs)
             Began as a Ghoul Monk on Jan 1, 2023.
             Slain by an orc
             ... wielding a +0 short sword
              (2 damage)
             ... on level 3 of the Dungeon.
             The game lasted 00:03:45 (1998 turns).

cforsyth the Ruffian (Ghoul Monk)                   Turns: 1998, Time: 00:03:46

Health: 0/41       AC:  2    Str: 16    XL:     4   Next: 89%
Magic:  3/3        EV: 12    Int:  5    God:
Gold:   66         SH:  0    Dex: 11    Spells: 3/3 levels left

rFire   . . .      SeeInvis .      - Unarmed
rCold   + . .      Faith    .    (no shield)
rNeg    + + +      Spirit   .    a - +0 robe
rPois   ∞          Reflect  .    (no helmet)
rElec   .          Harm     .    (no cloak)
rCorr   .          Rampage  .    (no gloves)
Will    .....                    (no boots)
Stlth   ++                       (no amulet)
HPRegen 0.00/turn                (no ring)
MPRegen 0.08/turn                (no ring)

@: inhibited regen
A: claws 1, cold resistance 1, negative energy resistance 3, inhibited
regeneration, torment resistance 2, devour on kill
a: no special abilities


You were on level 3 of the Dungeon.
You visited 1 branch of the dungeon, and saw 3 of its levels.

You collected 66 gold pieces.

Inventory:

Missiles
 e - a throwing net (quivered)
Armour
 a - a +0 robe (worn)
Wands
 f - a wand of mindburst (14)
Scrolls
 b - a scroll of identify {unknown}
 c - 3 scrolls of blinking {unknown}
 d - 2 scrolls of teleportation {unknown}
 g - 3 scrolls of immolation {unknown}
 n - a scroll of noise {unknown}
Potions
 h - a potion of flight {unknown}
 i - a potion of resistance {unknown}
 j - a potion of mutation {unknown}
 k - a potion of haste {unknown}
 l - a potion of magic {unknown}
 m - a potion of curing {unknown}


   Skills:
 + Level 4.8 Fighting
 - Level 2.6 Dodging
 - Level 2.1 Stealth
 + Level 4.8 Unarmed Combat


You had 3 spell levels left.
You didn't know any spells.
Your spell library contained the following spells:

 Spells                   Type           Power      Damage    Failure   Level
 Shock                    Conj/Air       0%         1d3       47%         1
 Swiftness                Air            0%         N/A       85%         3
 Airstrike                Air            0%         2d(0-16)  99%         4


Dungeon Overview and Level Annotations

Branches:
Dungeon (3/15)

Altars:


Innate Abilities, Weirdness & Mutations

You are immune to poison.
You have sharp fingernails.
Your flesh is cold resistant. (rC+)
You are immune to negative energy. (rN+++)
You do not regenerate when monsters are visible.
You are immune to unholy pain and torment.
You thrive by killing the living.


Message History

Something hits you. The orc wizard closely misses you.
You scratch the orc wizard but do no damage.
The orc wizard is moderately wounded.
The orc hits you with a +0 short sword. Something hits you.
The orc wizard hits you with a +0 dagger.
You are too injured to fight recklessly!
You are too injured to fight recklessly!
You are too injured to fight recklessly!
You are too injured to fight recklessly!
You are too injured to fight recklessly!
You are too injured to fight recklessly!
You are too injured to fight recklessly!
Something hits you.
* * * LOW HITPOINT WARNING * * *
The orc attacks as you move away! The orc hits you with a +0 short sword.
* * * LOW HITPOINT WARNING * * *
Found a scroll labelled FUIDEM VIDAMP.
The orc wizard casts a spell.
The orc wizard flickers and vanishes!
The orc wizard attacks as you move away!
The orc wizard barely misses you.
The orc wizard attacks as you move away!
The orc wizard hits you with a +0 dagger.
* * * LOW HITPOINT WARNING * * *
The orc attacks as you move away! The orc hits you with a +0 short sword.
* * * LOW HITPOINT WARNING * * *
The orc wizard gestures at you while chanting.
You resist with some effort.
Unknown command.
You hear some strange, mumbled words.
A puff of flame appears from out of thin air!
The puff of flame misses you.
You see here a bat corpse.
The orc attacks as you move away! The orc hits you with a +0 short sword.
* * * LOW HITPOINT WARNING * * *
Something hits you.
* * * LOW HITPOINT WARNING * * *
Unknown command.
The orc attacks as you move away! The orc hits you with a +0 short sword.
You die...

...............#
...............# #.#
....##..#......####.#.#
..$.....#.............#
....#............###..#
..........#..†.....#..#####
?..........o..............
...##.#.###.###.......... #
#.... #.o@...<)...[..
#.........#..........
#.....................
#.##.......#..........
#.......#..........
#.......#####.....#
#.......# .$...# #.......#
.....#


You could see an orc wizard and an orc.

Vanquished Creatures
  2 gnolls
  An adder (D:2)
  2 worms (D:2)
  A dart slug (D:1)
  2 orcs (D:3)
  8 endoplasms
  A giant cockroach (D:2)
  9 goblins
  2 hobgoblins (D:2)
  8 jackals
  4 quokkas
  3 ball pythons
  10 bats
  2 frilled lizards (D:1)
  5 kobolds
  2 rats (D:1)
62 creatures vanquished.

Notes
Turn   | Place    | Note
-------+----------+-------------------------------------------
     0 | D:1      | cforsyth the Ghoul Monk began the quest for the Orb.
     0 | D:1      | Reached XP level 1. HP: 19/19 MP: 0/0
   143 | D:1      | Reached XP level 2. HP: 26/26 MP: 1/1
   520 | D:1      | Reached XP level 3. HP: 16/33 MP: 2/2
  1069 | D:2      | Found a faded altar of an unknown god.
  1287 | D:2      | Reached XP level 4. HP: 41/41 MP: 3/3
  1996 | D:3      | HP: 2/41 [something (1)]
  1998 | D:3      | Slain by an orc

Illustrated notes

Levels and vault maps discovered:
D:1:      dpeg_arrival_prison, layout_loops_ring, minmay_misc_feat_encased,
          hangedman_decor_lopped
D:2:      minmay_chambers_of_ones, layout_loops_cross, basic_ecumenical_altar,
          hangedman_abyss_or_decor_lesser_grid, minmay_box_of_dots
D:3:      layout_rooms

Skill      XL: |  1  2  3 |
---------------+----------+-----
Unarmed Combat | 4 |  4.8
Fighting       | 4 |  4.8
Dodging        | |  2.6
Stealth        | |  2.1

Action                   |  1- 3 |  4- 6 || total
-------------------------+-------+-------++-------
Melee: Unarmed           |   106 |    65 ||   171
       Punch             |     1 |       ||     1
  Use: Potion            |     1 |       ||     1
 Stab: Sleeping          |     4 |     4 ||     8
Armor: Robe              |    17 |    17 ||    34
Dodge: Dodged            |    96 |    33 ||   129

Table legend: (Time is in decaauts)
 A = Elapsed time spent in this place.
 B = Non-inter-level travel time spent in this place.
 C = Inter-level travel time spent in this place.
 D = Time resting spent in this place.
 E = Time spent auto-exploring this place.
 F = Levels seen in this place.
 G = Mean time per level.
                   A        B        C        D        E       F      G
               +--------+--------+--------+--------+--------+-----+--------+
         Total |   1986 |   1893 |     93 |    100 |   1390 |   3 |  662.0 |
       Dungeon |   1986 |   1893 |     93 |    100 |   1390 |   3 |  662.0 |
               +--------+--------+--------+--------+--------+-----+--------+

Top non-repeatable levels by time:
     D:1: 981 daAuts
     D:2: 959 daAuts
     D:3: 45 daAuts
